 Dungeon Crawl Stone Soup version 0.30-a0-223-gcb0039aa0c (webtiles) character file.

Game seed: 10171994743293183245

412 gruber the Destroyer (level 6, -10/32 HPs)
             Began as a Deep Elf Conjurer on Oct 9, 2022.
             Mangled by a gnoll sergeant
             ... wielding a +3 antimagic trident
              (17 damage)
             ... on level 4 of the Dungeon.
             The game lasted 00:03:50 (4233 turns).

gruber the Destroyer (Deep Elf Conjurer)            Turns: 4233, Time: 00:03:51

Health: -10/32     AC:  6    Str:  4    XL:     6   Next: 59%
Magic:  3/13       EV: 11    Int: 29    God:
Gold:   220        SH:  0    Dex: 13    Spells: 2/12 levels left

rFire   . . .      SeeInvis .    u - +1 spear (flame)
rCold   . . .      Faith    .    (no shield)
rNeg    . . .      Spirit   .    s - +3 leather armour of Spite {Int+4}
rPois   .          Reflect  .    (no helmet)
rElec   .          Harm     .    (no cloak)
rCorr   .          Rampage  .    (no gloves)
Will    .....                    (no boots)
Stlth   ++........               (no amulet)
HPRegen 0.25/turn                (no ring)
MPRegen 0.13/turn                (no ring)

@: freezing walls
A: no striking features
a: no special abilities


You were on level 4 of the Dungeon.
You visited 1 branch of the dungeon, and saw 4 of its levels.

You collected 220 gold pieces.

Inventory:

Hand Weapons
 u - a +1 spear of flaming (weapon)
Missiles
 v - a throwing net
Armour
 s - the +3 leather armour of Spite (worn) {Int+4}
   (You found it on level 3 of the Dungeon)

   Int:       It affects your intelligence (+4).
Scrolls
 d - a scroll of immolation {unknown}
 e - a scroll of teleportation {unknown}
 g - 9 scrolls of identify {unknown}
 i - a scroll of torment {unknown}
 l - 2 scrolls of fear {unknown}
 m - a scroll of enchant weapon {unknown}
 n - 3 scrolls of enchant armour {unknown}
 o - a scroll of acquirement {unknown}
 p - a scroll of amnesia {unknown}
 q - a scroll of silence {unknown}
 r - a scroll of blinking {unknown}
 w - a scroll of magic mapping {unknown}
Potions
 a - a potion of curing
 c - a potion of brilliance {unknown}
 f - 3 potions of flight {unknown}
 h - a potion of heal wounds {unknown}
 j - 2 potions of lignification {unknown}
 k - a potion of ambrosia {unknown}
 t - 2 potions of mutation {unknown}


   Skills:
 - Level 2.4 Dodging
 - Level 2.4 Stealth
 * Level 3.7 Spellcasting
 - Level 8.5 Conjurations


You had 2 spell levels left.
You knew the following spells:

 Your Spells              Type           Power      Damage    Failure   Level
a - Magic Dart            Conj           100%       1d8       1%          1
b - Searing Ray           Conj           100%       2d8       1%          2
c - Iskenderun's Mystic   Conj/Tloc      30%        2d8       22%         4
d - Frozen Ramparts       Ice            10%        1d2       36%         3

Your spell library contained the following spells:

 Spells                   Type           Power      Damage    Failure   Level
 Slow                     Hex            20%        N/A       13%         1
 Dazzling Flash           Conj/Hex       60%        N/A       7%          3
 Fulminant Prism          Conj/Hex       15%        3d11      22%         4
 Confusing Touch          Hex            5%         N/A       36%         3
 Vampiric Draining        Necr           5%         2d6       36%         3
 Ice Form                 Ice/Tmut       5%         N/A       77%         4
 Passage of Golubria      Tloc           5%         N/A       77%         4
 Summon Ice Beast         Ice/Summ       5%         N/A       77%         4
 Silence                  Hex/Air        2%         N/A       98%         5
 Lehudib's Crystal Spear  Conj/Erth      15%        10d5      100%        8


Dungeon Overview and Level Annotations

Branches:
Dungeon (4/15)
 Temple: D:4-7

Altars:
Kikubaaqudgha
Uskayaw


Message History

You feel your power leaking away.
You aren't carrying any items that you can evoke.
The wall freezes the gnoll sergeant but does no damage.
The gnoll sergeant drinks a potion.
The gnoll sergeant is healed!
You reach to attack!
You hit the gnoll sergeant. You burn the gnoll sergeant.
The gnoll sergeant is heavily wounded.
The wall freezes the gnoll sergeant but does no damage.
The gnoll sergeant closely misses you.
You reach to attack!
The gnoll sergeant blocks your attack.
The gnoll sergeant is heavily wounded.
The frozen ramparts melt away.
The gnoll sergeant hits you from afar with a +3 antimagic trident!
You feel your power leaking away. Magic courses through your body.
The gnoll sergeant barely misses you.
Casting: Searing Ray (safe; 1% risk of failure)
Confirm with . or Enter, or press ? or * to list all spells.
The spell is quite dangerous to miscast (36% risk of failure)!
Continue anyway?
Casting: Frozen Ramparts (quite dangerous; 36% risk of failure)
Press: ? - help, Dir - look around, f - activate The walls around you are covered in ice.
The wall freezes the gnoll sergeant but does no damage.
The gnoll sergeant hits you from afar with a +3 antimagic trident!
* * * LOW HITPOINT WARNING * * *
You feel your power leaking away.
Unknown command.
Casting: Frozen Ramparts (quite dangerous; 36% risk of failure)
Confirm with . or Enter, or press ? or * to list all spells.
Aiming: Searing Ray (safe; 1% risk of failure)
Press: ? - help, Shift-Dir - straight line, f - gnoll sergeant
Aim: a gnoll sergeant, wielding a +3 antimagic trident, wearing a +0 scale mail and wearing a +0 buckler (heavily wounded, 87% to hit)
The searing ray hits the gnoll sergeant!
The gnoll sergeant is almost dead. (Press . to maintain the ray.)
The wall freezes the gnoll sergeant.
The gnoll sergeant closely misses you.
Unknown command.
The searing ray misses the gnoll sergeant.
The wall freezes the gnoll sergeant but does no damage.
The gnoll sergeant hits you from afar with a +3 antimagic trident!
Ouch! That really hurt!
You die...

##....... ..
............
..##.##........
...#............ #.#
..†.#........
#.###...#....g...
###.#.....#.#
#####.....#..##.#
.......#@.g....#
########......#..####
#......#......#........
#.####.##.#..[#...#####
# ##.##.###.#.....
#.###.....# #.#..##.#
#.........###.#..# ...
####..........#..# ###
#..⌠...###.####


You could see a gnoll sergeant.

Vanquished Creatures
  A howler monkey (D:4)
  2 orc priests (D:3)
  2 orc wizards (D:3)
  12 gnolls
  6 adders
  10 orcs
  8 ball pythons
  9 bats
  8 endoplasms
  5 giant cockroaches
  6 goblins
  2 hobgoblins
  10 jackals (D:4)
  5 kobolds
  4 quokkas
  3 frilled lizards
  3 rats
96 creatures vanquished.

Vanquished Creatures (others)
  2 plants (D:4)
2 creatures vanquished.

Grand Total: 98 creatures vanquished

Notes
Turn   | Place    | Note
-------+----------+-------------------------------------------
     0 | D:1      | gruber the Deep Elf Conjurer began the quest for the Orb.
     0 | D:1      | Reached XP level 1. HP: 10/10 MP: 6/6
   254 | D:1      | Found a faded altar of an unknown god.
   359 | D:1      | Reached XP level 2. HP: 15/15 MP: 6/8
   499 | D:1      | Reached skill level 5 in Conjurations
  1296 | D:2      | Reached XP level 3. HP: 19/19 MP: 6/9
  1956 | D:3      | Reached skill level 6 in Conjurations
  1997 | D:3      | Reached XP level 4. HP: 24/24 MP: 4/10
  2064 | D:2      | Learned a level 2 spell: Searing Ray
  2069 | D:2      | Learned a level 4 spell: Iskenderun's Mystic Blast
  2525 | D:3      | Reached skill level 7 in Conjurations
  2525 | D:3      | Reached XP level 5. HP: 23/28 MP: 5/11
  3062 | D:3      | Identified the +3 leather armour of Spite {Int+4}
  3122 | D:4      | Found a hide-covered altar of Uskayaw.
  3260 | D:4      | Reached skill level 8 in Conjurations
  3355 | D:4      | Reached XP level 6. HP: 32/32 MP: 9/12
  3824 | D:4      | Found an ancient bone altar of Kikubaaqudgha.
  3841 | D:4      | Learned a level 3 spell: Frozen Ramparts
  4233 | D:4      | Mangled by a gnoll sergeant

Illustrated notes

Levels and vault maps discovered:
D:1:      psy_arrival_dodecagon, layout_loops_corners,
          shapermc_ecumenical_altar_hornbeckon
D:2:      layout_loops_ring
D:3:      layout_loops_ring
D:4:      lemuel_castle_with_subvaults [lemuel_castle_interior_carwin_2],
          layout_basic, nicolae_sif_muna_condensation,
          nicolae_qazlal_general_emergency, mainiacjoe_overflow_paths,
          lemuel_crystal_altar, dreamdust_wishing_well, minivault_27

Skill      XL: |  1  2  3  4  5 |
---------------+----------------+-----
Conjurations   | 5 6 7 8 |  8.5
Dodging        | |  2.4
Stealth        | |  2.4
Spellcasting   | |  3.7

Action                   |  1- 3 |  4- 6 || total
-------------------------+-------+-------++-------
Melee: Spear             |       |     2 ||     2
 Cast: Magic Dart        |    72 |   131 ||   203
       Searing Ray       |       |     9 ||     9
       Frozen Ramparts   |       |     2 ||     2
  Use: Potion            |       |     1 ||     1
Armor: Robe              |     2 |       ||     2
Dodge: Dodged            |     4 |    12 ||    16

Table legend: (Time is in decaauts)
 A = Elapsed time spent in this place.
 B = Non-inter-level travel time spent in this place.
 C = Inter-level travel time spent in this place.
 D = Time resting spent in this place.
 E = Time spent auto-exploring this place.
 F = Levels seen in this place.
 G = Mean time per level.
                   A        B        C        D        E       F      G
               +--------+--------+--------+--------+--------+-----+--------+
         Total |   4243 |   4092 |    151 |    161 |   3449 |   4 | 1060.8 |
       Dungeon |   4243 |   4092 |    151 |    161 |   3449 |   4 | 1060.8 |
               +--------+--------+--------+--------+--------+-----+--------+

Top non-repeatable levels by time:
     D:3: 1118 daAuts
     D:4: 1074 daAuts
     D:1: 1045 daAuts
     D:2: 1005 daAuts
